 Dungeon Crawl Stone Soup version 0.30.0 (webtiles) character file.

Game seed: 7489321685819295909

60 Dani the Chopper (level 3, 0/29 HPs)
             Began as a Demonspawn Fighter on May 19, 2023.
             Slain by Eustachio
             ... wielding a +2 rapier of venom
              (2 damage)
             ... on level 4 of the Dungeon.
             The game lasted 00:01:16 (675 turns).

Dani the Chopper (Demonspawn Fighter)                Turns: 675, Time: 00:01:17

Health: 0/29       AC:  6    Str: 14 (16) XL:     3   Next: 82%
Magic:  3/3        EV:  8    Int:  9 (11) God:
Gold:   20         SH:  4    Dex: 11 (12) Spells: 2/2 levels left

rFire   . . .        a - +0 war axe (elec)
rCold   . . .        c - +0 buckler
rNeg    . . .        b - +0 scale mail
rPois   +            (no helmet)
rElec   .            (no cloak)
rCorr   .            (no gloves)
SInv    .            (no boots)
Will    .....        (no amulet) Stlth
                     (no ring)
HPRegen 0.24/turn    (no ring)
MPRegen 0.08/turn

%: no passive effects
@: mighty, lethally poisoned (0 -> -2)
A: foul stench 1, poison resistance
a: no special abilities


You were on level 4 of the Dungeon.
You visited 1 branch of the dungeon, and saw 4 of its levels.

You collected 20 gold pieces.

Inventory:

Hand Weapons
 a - a +0 war axe of electrocution (weapon)
Armour
 b - a +0 scale mail (worn)
 c - a +0 buckler (worn)
Jewellery
 h - a ring of wizardry
   (You found it on level 1 of the Dungeon)
Scrolls
 g - a scroll of brand weapon


   Skills:
 - Level 3.0 Fighting
 + Level 3.8 Axes
 - Level 2.6 Armour
 - Level 2.6 Shields


You had 2 spell levels left.
You didn't know any spells.
Your spell library was empty.

Dungeon Overview and Level Annotations

Branches:
Dungeon (4/15)
 Temple: D:4-7

Altars:

Annotations:
D:4 Eustachio


Innate Abilities, Weirdness & Mutations

You may rarely emit foul miasma when damaged in melee.
Your system is resistant to poisons. (rPois)


Message History

There is a stone staircase leading up here.
Key pressed, stopping explore.
Key pressed, stopping explore.
Key pressed, stopping explore.
Key pressed, stopping explore.
You open the door.
There is an open door here.
Key pressed, stopping explore.
An iguana comes into view.
The iguana hisses angrily.
An iguana is nearby!
An iguana is nearby!
An iguana is nearby!
As you read the scroll labelled GOSMEG OPLIDGH, it crumbles to dust.
You assume a fearsome visage.
The iguana looks frightened!
It was a scroll of fear.
As you read the scroll labelled GEOCED HUARET, it crumbles to dust.
It is a scroll of brand weapon.
Your +0 war axe crackles with electricity.
a - a +0 war axe of electrocution (weapon)
No target in view!
Cornered, the iguana turns to fight!
An iguana is nearby!
An iguana is nearby!
An iguana is nearby!
The iguana closely misses you.
An iguana is nearby!
You barely miss the iguana.
The iguana bites you but does no damage.
An iguana is nearby!
You hit the iguana but do no damage. The iguana bites you!
You emit a cloud of foul miasma!
An iguana is nearby!
You hit the iguana but do no damage.
The iguana is engulfed in dark miasma.
The iguana is poisoned.
The iguana seems to slow down.
The iguana bites you.
The iguana is engulfed in dark miasma.
The iguana looks even sicker.
You kill the iguana!
Key pressed, stopping explore.
No target in view!
No target in view!
HP restored.
Key pressed, stopping explore.
No target in view!
Found a great mace.
A worm comes into view.
Found 9 gold pieces.
A worm is nearby!
A worm is nearby!
Eustachio the Magnificent comes into view.
He is wielding a +2 rapier of venom.
Found a spear.
Eustachio shouts!
You barely miss Eustachio. Eustachio barely misses you.
You closely miss Eustachio. You slash the worm!
Lightning courses through the worm!!
You kill the worm!
Eustachio growls, "To hell with you, honourless miscreant!"
Eustachio hits you but does no damage.
You miss Eustachio. Eustachio barely misses you.
Eustachio hits you with a +2 rapier of venom!
You are poisoned.
You closely miss Eustachio.
You feel sick.
Eustachio yells, "Perjured traitor, DIE!"
Eustachio hits you with a +2 rapier of venom.
* * * LOW HITPOINT WARNING * * *
You are more poisoned.
You barely miss Eustachio.
* * * LOW HITPOINT WARNING * * *
You feel very sick. Eustachio hits you but does no damage.
You barely miss Eustachio.
* * * LOW HITPOINT WARNING * * *
You feel very sick.
Eustachio hits you with a +2 rapier of venom.
* * * LOW HITPOINT WARNING * * *
You emit a cloud of foul miasma!
Eustachio is engulfed in dark miasma.
Eustachio is poisoned.
Eustachio seems to slow down.
You block Eustachio's attack.
You are too injured to fight recklessly!
It was a potion of mutation.
You feel extremely strange.
You feel resistant to poisons.
* * * LOW HITPOINT WARNING * * *
You feel sick.
Eustachio is no longer moving slowly.
It was a potion of degeneration.
There was something very wrong with that liquid.
You feel weakened.
You feel dopey.
You feel clumsy.
* * * LOW HITPOINT WARNING * * *
You feel sick.
Eustachio is engulfed in dark miasma.
Eustachio looks even sicker.
Eustachio barely misses you.
You feel very mighty all of a sudden.
* * * LOW HITPOINT WARNING * * *
You feel sick.
Eustachio is engulfed in dark miasma.
Eustachio looks even sicker.
Eustachio seems to slow down.
Eustachio hits you but does no damage.
You barely miss Eustachio.
Eustachio is moderately wounded.
* * * LOW HITPOINT WARNING * * *
You feel sick.
Eustachio is no longer moving slowly.
Eustachio is engulfed in dark miasma.
Eustachio looks as sick as possible!
Eustachio hits you with a +2 rapier of venom.
You die...

#.##### ########
#.#...#
##########.#...+
#..........#...#
##.#########...#
#.............#
##########....####
########.....?..
......@@$#+#)##.
########.....#
+.....# #...)...
#....... #.......
######.. ..


You could see Eustachio (extremely poisoned).

Vanquished Creatures
  An iguana (D:4)
  An adder (D:2)
  2 worms
  A bat (D:1)
  3 endoplasms
  2 hobgoblins (D:2)
  A kobold (D:3)
  4 ball pythons
  A frilled lizard (D:2)
  3 goblins
  3 rats
22 creatures vanquished.

Notes
Turn   | Place    | Note
-------+----------+-------------------------------------------
     0 | D:1      | Dani the Demonspawn Fighter began the quest for the Orb.
     0 | D:1      | Reached XP level 1. HP: 18/18 MP: 1/1
   145 | D:1      | Reached skill level 2 in Axes
   228 | D:2      | Gained mutation: You may rarely emit foul miasma when
                  | damaged in melee. [demonic ancestry]
   228 | D:2      | Reached XP level 2. HP: 17/24 MP: 2/2
   322 | D:2      | Reached skill level 3 in Axes
   432 | D:2      | Reached XP level 3. HP: 23/29 MP: 3/3
   664 | D:4      | Noticed Eustachio
   671 | D:4      | HP: 7/29 [Eustachio/+2 rapier of venom (3)]
   672 | D:4      | Gained mutation: Your system is resistant to poisons.
                  | (rPois) [potion of mutation]
   674 | D:4      | HP: 3/29 [poisoned by Eustachio]
   675 | D:4      | Slain by Eustachio

Illustrated notes

Levels and vault maps discovered:
D:1:      elethiomel_arrival_maze, layout_rooms
D:2:      layout_basic, nicolae_figureground_pulse, uniq_jessica
D:3:      minmay_goblin_kobold_castle, layout_loops_ring,
          nzn_wu_jian_council_hall, serial_glass, glass_columns_b,
          glass_columns_b
D:4:      layout_basic, nicolae_qazlal_style_of_elements,
          nicolae_uskayaw_en_pointe, reono_crystal_passage, uniq_eustachio

Skill      XL: |  1  2 |
---------------+-------+-----
Axes           | 2 3 |  3.8
Fighting       | |  3.0
Armour         | |  2.6
Shields        | |  2.6

Action                     || total
---------------------------++-------
  Melee: War axe           ||    65
    Use: Potion            ||     3
         Scroll            ||     2
 Armour: Scale mail        ||    34
  Dodge: Dodged            ||    28
  Block: Buckler           ||    13

Levels and vault maps discovered:
D:1:      elethiomel_arrival_maze, layout_rooms
D:2:      layout_basic, nicolae_figureground_pulse, uniq_jessica
D:3:      minmay_goblin_kobold_castle, layout_loops_ring,
          nzn_wu_jian_council_hall, serial_glass, glass_columns_b,
          glass_columns_b
D:4:      layout_basic, nicolae_qazlal_style_of_elements,
          nicolae_uskayaw_en_pointe, reono_crystal_passage, uniq_eustachio

Table legend: (Time is in decaauts)
 A = Elapsed time spent in this place.
 B = Non-inter-level travel time spent in this place.
 C = Inter-level travel time spent in this place.
 D = Time resting spent in this place.
 E = Time spent auto-exploring this place.
 F = Levels seen in this place.
 G = Mean time per level.
                   A        B        C        D        E       F      G
               +--------+--------+--------+--------+--------+-----+--------+
         Total |    700 |    700 |      0 |     43 |    464 |   4 |  175.0 |
       Dungeon |    700 |    700 |      0 |     43 |    464 |   4 |  175.0 |
               +--------+--------+--------+--------+--------+-----+--------+

Top non-repeatable levels by time:
     D:2: 240 daAuts
     D:1: 225 daAuts
     D:4: 145 daAuts
     D:3: 88 daAuts

Table legend:
 A = Kills in this place as a percentage of kills in the entire game.
 B = Kills by you in this place as a percentage of kills by you in the entire game.
 C = Kills by friends in this place as a percentage of kills by friends in the entire game.
 D = Other kills in this place as a percentage of other kills in the entire game.
 E = Experience gained in this place as a percentage of experience gained in the entire game.
 F = Experience gained in this place divided by the number of levels of this place that you have seen.
                   A       B       C       D       E      F
               +-------+-------+-------+-------+-------+----------------------
         Total | 100.0 | 100.0 |   N/A |   N/A | 100.0 |  21.8
       Dungeon | 100.0 | 100.0 |   N/A |   N/A | 100.0 |  21.8
               +-------+-------+-------+-------+-------+----------------------
